 Dungeon Crawl Stone Soup version 0.21.1-1-g345015fe64 (webtiles) character file.

9 Hercules1031 the Ducker (level 2, 0/23 HPs)
             Began as a Gnoll Wanderer on June 16, 2018.
             Slain by a kobold (3 damage)
             ... on level 1 of the Dungeon on June 18, 2018.
             The game lasted 00:02:38 (191 turns).

Hercules1031 the Ducker (Gnoll Wanderer)             Turns: 191, Time: 00:02:41

Health: 0/23       AC:  0    Str: 18    XL:     2   Next: 16%
Magic:  2/2        EV: 14    Int: 12    God:
Gold:   36         SH:  0    Dex: 12    Spells: 1/1 levels left

rFire    . . .     SeeInvis .   a - +2 hand axe
rCold    . . .     Gourm    .   (no shield)
rNeg     . . .     Faith    .   d - +0 robe
rPois    .         Spirit   .   (no helmet)
rElec    .         Reflect  .   (no cloak)
rCorr    .         Harm     .   (no gloves)
MR       .....                  (no boots)
Stlth    +.........             (no amulet)
HPRegen  0.07/turn              i - -3 ring of protection (curse)
MPRegen  0.08/turn              (no ring)

@: no status effects
A: distributed training, fangs 1, strong nose
a: no special abilities


You were on level 1 of the Dungeon.
You were full.

You visited 1 branch of the dungeon, and saw 1 of its levels.

You collected 36 gold pieces.

Inventory:

Hand Weapons
 a - a +2 hand axe (weapon)
 b - a +0 quarterstaff
Armour
 d - a +0 robe (worn)
Jewellery
 i - a cursed -3 ring of protection (left hand)
Potions
 c - a potion of lignification


   Skills:
 + Level 2.4 Fighting
 + Level 0.3 Short Blades
 + Level 2.4 Long Blades
 + Level 4.4 Axes
 + Level 0.3 Maces & Flails
 + Level 0.3 Polearms
 + Level 0.3 Staves
 + Level 0.3 Slings
 + Level 0.3 Bows
 + Level 0.3 Crossbows
 + Level 2.4 Throwing
 + Level 4.4 Armour
 + Level 4.4 Dodging
 + Level 0.3 Stealth
 + Level 2.4 Shields
 + Level 0.3 Unarmed Combat
 + Level 0.3 Spellcasting
 + Level 0.2 Conjurations
 + Level 0.2 Hexes
 + Level 0.2 Charms
 + Level 0.2 Summonings
 + Level 0.2 Necromancy
 + Level 0.2 Translocations
 + Level 0.2 Transmutations
 + Level 0.2 Fire Magic
 + Level 0.2 Ice Magic
 + Level 0.2 Air Magic
 + Level 0.2 Earth Magic
 + Level 0.2 Poison Magic
 + Level 0.4 Invocations
 + Level 0.3 Evocations


You had one spell level left.
You didn't know any spells.

Dungeon Overview and Level Annotations

Branches:
Dungeon (1/15)

Altars:


Innate Abilities, Weirdness & Mutations

Your experience applies equally to all skills.
You have very sharp teeth.
Your uncanny sense of smell can sniff out nearby items.


Message History

You kill the rat!
The kobold hits you. The kobold hits you.
The frilled lizard hisses.
The frilled lizard misses you. The hobgoblin completely misses you.
The frilled lizard bites you. The hobgoblin completely misses you.
The kobold hits you.
* * * LOW HITPOINT WARNING * * *
The hobgoblin closely misses you. The frilled lizard misses you.
The kobold hits you.
* * * LOW HITPOINT WARNING * * *
There is a staircase leading out of the dungeon here.
You hit the hobgoblin.
The hobgoblin is heavily wounded.
You hit the frilled lizard.
You kill the frilled lizard!
You barely miss the kobold. The hobgoblin barely misses you.
The kobold hits you.
You die...

#### #.....................#
#...##.........##..........##
#.#............##.........#.###.
#.......##............##....)...
#......##......).....##........
#...........................##.
#...........................#
.....##.......†>.........##..##
##... #.........@........##.....
#..............gK............#.#
#...........................##.#
#......##............##.......#.
#......##............##.....#...
#.#.#.........##.........###....
# .......##.........##.....
.................#...†..
##.#######.###..>.......


You could see a hobgoblin and a kobold.

Vanquished Creatures
  3 bats (D:1)
  A goblin (D:1)
  A hobgoblin (D:1)
  A frilled lizard (D:1)
  5 rats (D:1)
11 creatures vanquished.

Notes
Turn   | Place    | Note
-------+----------+-------------------------------------------
     0 | D:1      | Hercules1031 the Gnoll Wanderer began the quest for the Orb.
     0 | D:1      | Hercules1031 set off with: a +2 hand axe, a +0 quarterstaff, a potion of lignification, a +0 robe, a ration
     0 | D:1      | Reached XP level 1. HP: 17/17 MP: 1/1
    93 | D:1      | Reached XP level 2. HP: 17/23 MP: 2/2
   191 | D:1      | Slain by a kobold

Action                   || total
-------------------------++-------
Melee: Hand axe          ||    27
       Bite              ||     2
  Use: Scroll            ||     5
  Eat: Ration            ||     1
Armor: Robe              ||     1
Dodge: Dodged            ||    44
